[Event "Galatasaray Blitz Chess Tournament"]
[Site "Istanbul"]
[Date "2019.03.24"]
[Round "4.3"]
[White "Ozturk, Kubra"]
[Black "Arat, Ufuk Sezen"]
[Result "1/2-1/2"]
[ECO "E73"]
[WhiteElo "2344"]
[BlackElo "2368"]
[Annotator "ChessBase"]
[PlyCount "101"]
[EventDate "2019.03.24"]
[EventType "swiss"]
[EventCountry "TUR"]
[SourceTitle "playchess.com"]
[Source "ChessBase"]
[SourceQuality "1"]
[TimeControl "300+3"]

1. d4 Nf6 2. c4 g6 3. Nc3 Bg7 4. e4 d6 5. Be2 O-O 6. Be3 Na6 7. g4 c5 8. d5 Nc7 9. g5 Nd7 10. h4 a6 11. a4 e6 12. dxe6 Nxe6 13. Qxd6 Qa5 14. Bd2 Qb4 15. Nd1 Qb6 16. Qxb6 Nxb6 17. a5 Nd7 18. h5 Nd4 19. Bd3 Ne5 20. Ra3 Be6 21. Ne3 Rad8 22. Nd5 Bxd5 23. exd5 f6 24. hxg6 hxg6 25. f4 Nxd3+ 26. Rxd3 fxg5 27. fxg5 Rde8+ 28. Be3 Nc2+ 29. Kd2 Nxe3 30. Rxe3 Rxe3 31. Kxe3 Bd4+ 32. Ke4 Rf1 33. d6 Re1+ 34. Kf3 Bxg1 35. d7 Re3+ 36. Kf4 Rd3 37. Rxg1 Rxd7 38. Ke5 Rd4 39. Kf6 Rxc4 40. Kxg6 Rd4 41. Re1 Rd6+ 42. Kf5 b6 43. g6 bxa5 44. Re8+ Kg7 45. Re7+ Kf8 46. Rc7 Rb6 47. Rc8+ Kg7 48. Rc7+ Kg8 49. Rxc5 Rxb2 50. Rxa5 Rb6 51. Ke4 1/2-1/2

[Event "Galatasaray Blitz Chess Tournament"]
[Site "Istanbul"]
[Date "2019.03.24"]
[Round "4.5"]
[White "Tuncer, Tuna"]
[Black "Yurtseven, Melih"]
[Result "0-1"]
[ECO "C45"]
[WhiteElo "2371"]
[BlackElo "2390"]
[Annotator "ChessBase"]
[PlyCount "118"]
[EventDate "2019.03.24"]
[EventType "swiss"]
[EventCountry "TUR"]
[SourceTitle "playchess.com"]
[Source "ChessBase"]
[SourceQuality "1"]
[TimeControl "300+3"]

1. e4 e5 2. Nf3 Nc6 3. d4 exd4 4. Nxd4 Nxd4 5. Qxd4 Qf6 6. Be3 Qxd4 7. Bxd4 Nf6 8. Nc3 Bb4 9. O-O-O Bxc3 10. Bxc3 d6 11. Bd3 Be6 12. h3 O-O-O 13. b3 Nd7 14. f4 f6 15. Be2 Rde8 16. Bf3 Bf7 17. Rhe1 Re7 18. Bg4 Be6 19. Bf3 Bf7 20. g4 Rhe8 21. Bb4 Bg6 22. e5 fxe5 23. f5 Bf7 24. g5 Rf8 25. Bg4 Ree8 26. Bc3 Bg8 27. h4 Rd8 28. Rf1 Kb8 29. Rf2 Nc5 30. Re1 Bd5 31. Rd2 Bc6 32. Bb4 Ne4 33. Rde2 Ng3 34. Rf2 Ne4 35. Rff1 Ng3 36. Rf2 Bd7 37. Rg1 Nxf5 38. Rgf1 g6 39. h5 c5 40. Bd2 Kc7 41. Kb2 d5 42. hxg6 hxg6 43. Rh1 Rh8 44. Rfh2 Rxh2 45. Rxh2 Re8 46. Rh7 Re7 47. Rh8 e4 48. Bf4+ Kb6 49. Rg8 Be8 50. Bxf5 gxf5 51. Kc1 d4 52. g6 e3 53. Kd1 Re6 54. g7 Bh5+ 55. Kc1 e2 56. Bg3 e1=Q+ 57. Bxe1 Rxe1+ 58. Kd2 Rg1 59. Rh8 Bf7 0-1

[Event "Galatasaray Blitz Chess Tournament"]
[Site "Istanbul"]
[Date "2019.03.24"]
[Round "7.2"]
[White "Arat, Ufuk Sezen"]
[Black "Yurtseven, Melih"]
[Result "0-1"]
[ECO "D77"]
[WhiteElo "2368"]
[BlackElo "2390"]
[Annotator "NA"]
[PlyCount "94"]
[EventDate "2019.03.24"]
[EventType "swiss"]
[EventCountry "TUR"]
[SourceTitle "playchess.com"]
[Source "ChessBase"]
[SourceQuality "1"]
[TimeControl "300+3"]

1. d4 Nf6 2. c4 g6 3. Nf3 Bg7 4. g3 O-O 5. Bg2 e6 6. O-O d5 7. Nc3 b6 8. cxd5 Nxd5 9. Nxd5 exd5 10. Bg5 Qe8 11. Rc1 c6 12. Qd2 Bb7 13. Rc2 Nd7 14. Bh6 Qe6 15. Rfc1 Rfe8 16. Bxg7 Kxg7 17. e3 Rad8 18. h4 c5 19. Ng5 Qf6 20. b3 h6 21. Nh3 g5 22. hxg5 hxg5 23. dxc5 Nxc5 24. Qc3 Ne6 25. Qxf6+ Kxf6 26. f4 gxf4 27. exf4 Nd4 28. Rc7 Ne2+ 29. Kf2 Nxc1 30. Rxc1 Rd7 31. Ng5 Rde7 32. Bf1 d4 33. Rd1 Rd8 34. Bd3 Bc6 35. Nh3 Rh8 36. Bf1 Bd7 37. Ng5 Rh2+ 38. Kg1 Rxa2 39. Rxd4 Ra1 40. Ne4+ Kg7 41. Nf2 Bb5 42. Nd3 Bxd3 43. Rxd3 Ree1 44. Rf3 a5 45. Kg2 Ra2+ 46. Kh3 Ra3 47. Bc4 Rc1 0-1

[Event "Galatasaray Blitz Chess Tournament"]
[Site "Istanbul"]
[Date "2019.03.24"]
[Round "7.3"]
[White "Ozer, Omer Faruk"]
[Black "Tuncer, Tuna"]
[Result "1-0"]
[ECO "B48"]
[WhiteElo "2369"]
[BlackElo "2371"]
[Annotator "NA"]
[PlyCount "61"]
[EventDate "2019.03.24"]
[EventType "swiss"]
[EventCountry "TUR"]
[SourceTitle "playchess.com"]
[Source "ChessBase"]
[SourceQuality "1"]
[TimeControl "300+3"]

1. e4 c5 2. Nf3 e6 3. d4 cxd4 4. Nxd4 Nc6 5. Nc3 Qc7 6. Be3 a6 7. Qf3 Bd6 8. O-O-O Be5 9. g3 Nge7 10. Qe2 b5 11. f4 Bxd4 12. Bxd4 Nxd4 13. Rxd4 Rb8 14. Bg2 b4 15. Nd1 O-O 16. Kb1 a5 17. Ne3 Qa7 18. Qd2 Nc6 19. Rd6 a4 20. e5 b3 21. cxb3 axb3 22. a3 Na5 23. Rc1 Nb7 24. Rc7 Qa4 25. Rb6 d5 26. exd6 Rd8 27. Bxb7 Bxb7 28. Ka1 Qe4 29. Rb4 Qh1+ 30. Rc1 Rxd6 31. Rxb7 1-0

[Event "Galatasaray Blitz Chess Tournament"]
[Site "Istanbul"]
[Date "2019.03.24"]
[Round "8.4"]
[White "Yurtseven, Melih"]
[Black "Ozer, Omer Faruk"]
[Result "1/2-1/2"]
[ECO "B06"]
[WhiteElo "2390"]
[BlackElo "2369"]
[Annotator "ChessBase"]
[PlyCount "135"]
[EventDate "2019.03.24"]
[EventType "swiss"]
[EventCountry "TUR"]
[SourceTitle "playchess.com"]
[Source "ChessBase"]
[SourceQuality "1"]
[TimeControl "300+3"]

1. Nf3 d6 2. e4 g6 3. d4 Bg7 4. Bc4 a6 5. h3 e6 6. Bd3 Nd7 7. Bg5 Ne7 8. Qd2 h6 9. Be3 c5 10. c3 b5 11. a4 c4 12. Bc2 Bb7 13. Na3 Nf6 14. axb5 axb5 15. Qc1 Nxe4 16. Nxb5 Rxa1 17. Qxa1 O-O 18. Qa7 Bc6 19. Na3 Nf5 20. Nxc4 Nf6 21. Ncd2 Nd5 22. Nf1 Bb5 23. Bxf5 exf5 24. Qa2 Qa8 25. Qxa8 Rxa8 26. Bc1 Ra1 27. Kd2 Nf6 28. Kc2 Ne4 29. Ng3 Nxf2 30. Rg1 h5 31. h4 Bd3+ 32. Kb3 Ne4 33. Bf4 Ra8 34. Nxe4 fxe4 35. Nd2 d5 36. Bd6 Bh6 37. Nf1 e3 38. Ng3 Re8 39. Re1 f6 40. Ne2 Kf7 41. Bf4 Bf8 42. Nc1 Bc4+ 43. Kc2 e2 44. Kd2 Re4 45. g3 Rxd4+ 46. cxd4 Bb4+ 47. Ke3 Bxe1 48. Nxe2 Ke6 49. Nc3 Kf5 50. Kf3 g5 51. hxg5 fxg5 52. Be5 Bd2 53. Kf2 Bc1 54. b4 Bd2 55. Nd1 Ke4 56. Bd6 Kxd4 57. Bc5+ Ke4 58. Ne3 Bb5 59. Nc2 Bc3 60. Na3 Bc6 61. b5 Bb7 62. b6 h4 63. gxh4 gxh4 64. Nb5 Be5 65. Nd6+ Bxd6 66. Bxd6 d4 67. Ke1 Kf3 68. Kd2 1/2-1/2

[Event "Galatasaray Blitz Chess Tournament"]
[Site "Istanbul"]
[Date "2019.03.24"]
[Round "9.4"]
[White "Aghamaliyev, Cemil"]
[Black "Tuncer, Tuna"]
[Result "1-0"]
[ECO "B47"]
[WhiteElo "2493"]
[BlackElo "2371"]
[Annotator "RC"]
[PlyCount "39"]
[EventDate "2019.03.24"]
[EventType "swiss"]
[EventCountry "TUR"]
[SourceTitle "playchess.com"]
[Source "ChessBase"]
[SourceQuality "1"]
[TimeControl "300+3"]

1. e4 c5 2. Nf3 e6 3. d4 cxd4 4. Nxd4 Nc6 5. Nc3 Qc7 6. f4 a6 7. Nf3 b5 8. Bd3 Bb7 9. O-O Bc5+ 10. Kh1 Nge7 11. a3 O-O 12. e5 f5 13. exf6 gxf6 14. Ne4 Ba7 15. Nd6 Kh8 16. Nxb7 Qxb7 17. b4 Nd5 18. Qe1 Nd4 19. Nxd4 Bxd4 20. Qe4 1-0

[Event "Galatasaray Blitz Chess Tournament"]
[Site "Istanbul"]
[Date "2019.03.24"]
[Round "9.5"]
[White "Ozturk, Kubra"]
[Black "Gulbas, Cemil"]
[Result "0-1"]
[ECO "D10"]
[WhiteElo "2344"]
[BlackElo "2404"]
[Annotator "NA"]
[PlyCount "106"]
[EventDate "2019.03.24"]
[EventType "swiss"]
[EventCountry "TUR"]
[SourceTitle "playchess.com"]
[Source "ChessBase"]
[SourceQuality "1"]
[TimeControl "300+3"]

1. d4 d5 2. c4 c6 3. cxd5 cxd5 4. Bg5 Nc6 5. Nc3 f6 6. Bd2 e5 7. e3 Bb4 8. a3 Bxc3 9. Bxc3 Nge7 10. Qh5+ g6 11. Qf3 exd4 12. exd4 O-O 13. h4 h5 14. Bd3 Bg4 15. Qf4 Bf5 16. O-O-O Rc8 17. Bxf5 Nxf5 18. g4 Qd6 19. Ne2 Qxf4+ 20. Nxf4 hxg4 21. Nxd5 Kf7 22. h5 g5 23. h6 Kg6 24. h7 Rh8 25. Rde1 Rcd8 26. Ne3 Nxe3 27. fxe3 Rxh7 28. Rhg1 Rh4 29. Re2 f5 30. b4 Ne7 31. e4 f4 32. d5 g3 33. Bd4 f3 34. Rc2 Rxe4 35. Bxa7 f2 36. Bxf2 gxf2 37. Rxf2 Rxd5 38. Rc2 b5 39. Rcg2 Re3 40. Kb2 Ree5 41. Kc2 Nc6 42. Rf2 Nd4+ 43. Kb1 Ne2 44. Rgf1 Nc3+ 45. Kc2 Ne4 46. Rf8 Rd7 47. Re1 Re6 48. Kb2 Nc5 49. Rh1 Na4+ 50. Kb1 Red6 51. Rg8+ Rg7 52. Rb8 g4 53. Rxb5 Nc3+ 0-1

[Event "Galatasaray Blitz Chess Tournament"]
[Site "Istanbul"]
[Date "2019.03.24"]
[Round "10.2"]
[White "Ozturk, Kubra"]
[Black "Tuncer, Tuna"]
[Result "0-1"]
[ECO "A94"]
[WhiteElo "2344"]
[BlackElo "2371"]
[Annotator "NA"]
[PlyCount "60"]
[EventDate "2019.03.24"]
[EventType "swiss"]
[EventCountry "TUR"]
[SourceTitle "playchess.com"]
[Source "ChessBase"]
[SourceQuality "1"]
[TimeControl "180+2"]

1. d4 f5 2. Nf3 Nf6 3. g3 e6 4. Bg2 d5 5. O-O Bd6 6. c4 O-O 7. b3 c6 8. Ba3 Bxa3 9. Nxa3 Qe7 10. Nb1 Nbd7 11. Nbd2 b6 12. Qc2 Bb7 13. e3 Ne4 14. Ne1 c5 15. Nd3 Rac8 16. dxc5 Ndxc5 17. Nxc5 Rxc5 18. Rac1 Nxd2 19. Qxd2 dxc4 20. Rxc4 Rxc4 21. bxc4 Bxg2 22. Kxg2 Rc8 23. Rd1 Rc7 24. Qd4 h6 25. h4 Kh7 26. h5 Qe8 27. Qf4 Qc6+ 28. Kh2 Qxc4 29. Qxc4 Rxc4 30. Rd7 Ra4 0-1

[Event "Galatasaray Blitz Chess Tournament"]
[Site "Istanbul"]
[Date "2019.03.24"]
[Round "10.5"]
[White "Ozer, Omer Faruk"]
[Black "Arat, Ufuk Sezen"]
[Result "1-0"]
[ECO "B11"]
[WhiteElo "2369"]
[BlackElo "2368"]
[Annotator "NA"]
[PlyCount "85"]
[EventDate "2019.03.24"]
[EventType "swiss"]
[EventCountry "TUR"]
[SourceTitle "playchess.com"]
[Source "ChessBase"]
[SourceQuality "1"]
[TimeControl "180+2"]

1. e4 c6 2. Nc3 d5 3. Nf3 Nf6 4. e5 Ne4 5. Ne2 Qb6 6. d4 e6 7. Ng3 c5 8. Bd3 Nxg3 9. hxg3 Nc6 10. c3 cxd4 11. cxd4 Bd7 12. Bb1 Bb4+ 13. Kf1 h6 14. Kg1 O-O-O 15. a3 Be7 16. b4 g5 17. Be3 g4 18. Ne1 h5 19. Nd3 f6 20. exf6 Bxf6 21. Nc5 Kb8 22. Ba2 Ka8 23. Rc1 Ne7 24. Qd2 Nf5 25. Nxd7 Rxd7 26. Rxh5 Rf8 27. Rc5 a6 28. Bb1 Nd6 29. Bd3 Qd8 30. Qc2 Be7 31. b5 Nxb5 32. Bxb5 axb5 33. Rxb5 Rd6 34. Qb3 Qd7 35. Rh7 Rc6 36. a4 Rfc8 37. a5 Qc7 38. Qb2 Qd7 39. Bg5 Re8 40. Rb6 Rxb6 41. Qxb6 Qd6 42. Rxe7 Qxb6 43. Rxe8+ 1-0

[Event "Galatasaray Blitz Chess Tournament"]
[Site "Istanbul"]
[Date "2019.03.24"]
[Round "11.4"]
[White "Yurtseven, Melih"]
[Black "Ozturk, Kubra"]
[Result "1-0"]
[ECO "A09"]
[WhiteElo "2390"]
[BlackElo "2344"]
[Annotator "NA"]
[PlyCount "73"]
[EventDate "2019.03.24"]
[EventType "swiss"]
[EventCountry "TUR"]
[SourceTitle "playchess.com"]
[Source "ChessBase"]
[SourceQuality "1"]
[TimeControl "180+2"]

1. Nf3 d5 2. c4 d4 3. b4 c5 4. a3 e6 5. g3 cxb4 6. axb4 Bxb4 7. Qa4+ Nc6 8. Ne5 a5 9. Bg2 Bd7 10. Nxd7 Qxd7 11. O-O Nge7 12. d3 O-O 13. Na3 Rab8 14. Nc2 Bc3 15. Rb1 Ne5 16. Qa2 b5 17. Bf4 N7g6 18. cxb5 Rxb5 19. Rxb5 Qxb5 20. Rb1 Qc5 21. Bc1 Qc7 22. Qb3 h6 23. Ba3 Rc8 24. Qb5 Qd7 25. Qb6 Qc7 26. Qb3 Nd7 27. h4 Rb8 28. Qa2 Rxb1+ 29. Qxb1 Qb6 30. Qxb6 Nxb6 31. Bc5 Nd7 32. Bxd4 Bxd4 33. Nxd4 a4 34. Bc6 Nc5 35. Nc2 Ne5 36. Bb5 Ned7 37. d4 1-0

[Event "Galatasaray Blitz Chess Tournament"]
[Site "Istanbul"]
[Date "2019.03.24"]
[Round "11.5"]
[White "Tuncer, Tuna"]
[Black "Gulbas, Cemil"]
[Result "0-1"]
[ECO "B85"]
[WhiteElo "2371"]
[BlackElo "2404"]
[Annotator "NA"]
[PlyCount "50"]
[EventDate "2019.03.24"]
[EventType "swiss"]
[EventCountry "TUR"]
[SourceTitle "playchess.com"]
[Source "ChessBase"]
[SourceQuality "1"]
[TimeControl "180+2"]

1. e4 c5 2. Nf3 e6 3. Nc3 a6 4. d4 cxd4 5. Nxd4 d6 6. Be2 Nf6 7. O-O Be7 8. Be3 O-O 9. f4 Nc6 10. Kh1 Bd7 11. Qe1 Rc8 12. Qg3 b5 13. a3 Na5 14. e5 Ne8 15. Rad1 Nc4 16. Bxc4 Rxc4 17. f5 dxe5 18. Nf3 Bd6 19. f6 Qxf6 20. Nd2 Rf4 21. Nce4 Rxf1+ 22. Rxf1 Qe7 23. Nxd6 Qxd6 24. Ne4 Qd5 25. Qh4 Bc6 0-1

[Event "Galatasaray Blitz Chess Tournament"]
[Site "Istanbul"]
[Date "2019.03.24"]
[Round "12.1"]
[White "Gokerkan, Cem Kaan"]
[Black "Tuncer, Tuna"]
[Result "1-0"]
[ECO "B20"]
[WhiteElo "2419"]
[BlackElo "2371"]
[Annotator "NA"]
[PlyCount "75"]
[EventDate "2019.03.24"]
[EventType "swiss"]
[EventCountry "TUR"]
[SourceTitle "playchess.com"]
[Source "ChessBase"]
[SourceQuality "1"]
[TimeControl "180+2"]

1. e4 c5 2. Ne2 Nc6 3. g3 g6 4. Bg2 Bg7 5. c3 e5 6. O-O Nge7 7. d3 O-O 8. Na3 d6 9. Nc2 Be6 10. d4 cxd4 11. cxd4 d5 12. dxe5 dxe4 13. Bg5 Bxe5 14. Nc3 f5 15. Qe2 Qb6 16. Rab1 Nd5 17. Nxd5 Bxd5 18. Be3 Qc7 19. b4 Qf7 20. Bc5 Bc4 21. Qe3 Bxf1 22. Bxf1 Rfd8 23. f3 b6 24. b5 Na5 25. Bd4 Bxd4 26. Nxd4 Qd5 27. Rd1 Rac8 28. Bg2 Rc4 29. fxe4 Qe5 30. Qg5 Rcxd4 31. Qxd8+ Rxd8 32. Rxd8+ Kg7 33. exf5 Qe1+ 34. Bf1 gxf5 35. Rd7+ Kf6 36. Rd6+ Ke5 37. Rd7 Nc4 38. Re7+ 1-0

[Event "Galatasaray Blitz Chess Tournament"]
[Site "Istanbul"]
[Date "2019.03.24"]
[Round "12.2"]
[White "Gulbas, Cemil"]
[Black "Yurtseven, Melih"]
[Result "0-1"]
[ECO "B12"]
[WhiteElo "2404"]
[BlackElo "2390"]
[Annotator "NA"]
[PlyCount "63"]
[EventDate "2019.03.24"]
[EventType "swiss"]
[EventCountry "TUR"]
[SourceTitle "playchess.com"]
[Source "ChessBase"]
[SourceQuality "1"]
[TimeControl "180+2"]

1. e4 c6 2. d4 d5 3. e5 Bf5 4. Nc3 e6 5. g4 Bg6 6. Nge2 h6 7. Be3 Nd7 8. Qd2 Ne7 9. f4 Bh7 10. O-O-O b5 11. Ng3 Nb6 12. b3 a5 13. Bd3 Bxd3 14. Qxd3 a4 15. Kb1 Qd7 16. f5 g6 17. fxe6 Qxe6 18. Rhf1 Bg7 19. Qd2 Qxg4 20. Nce2 g5 21. Qb4 Qe6 22. Nh5 O-O 23. h4 axb3 24. axb3 Nc4 25. Bc1 c5 26. Qxb5 Rfb8 27. Qxb8+ Rxb8 28. hxg5 hxg5 29. Nf6+ Kf8 30. Bxg5 Ng6 31. Rh1 Qa6 32. dxc5 0-1

[Event "Galatasaray Blitz Chess Tournament"]
[Site "Istanbul"]
[Date "2019.03.24"]
[Round "15.3"]
[White "Ozer, Omer Faruk"]
[Black "Gulbas, Cemil"]
[Result "0-1"]
[ECO "B07"]
[WhiteElo "2369"]
[BlackElo "2404"]
[Annotator "NA"]
[PlyCount "86"]
[EventDate "2019.03.24"]
[EventType "swiss"]
[EventCountry "TUR"]
[SourceTitle "playchess.com"]
[Source "ChessBase"]
[SourceQuality "1"]
[TimeControl "180+2"]

1. e4 d6 2. d4 Nf6 3. Nc3 g6 4. Bg5 h6 5. Bxf6 exf6 6. Bd3 Bg7 7. Nge2 c6 8. O-O O-O 9. f4 Re8 10. f5 Nd7 11. Kh1 Nf8 12. Nf4 Qb6 13. fxg6 fxg6 14. Bc4+ Kh7 15. Bb3 f5 16. exf5 Bxf5 17. Nce2 d5 18. c3 Re3 19. Ng3 Bd7 20. Nd3 Rae8 21. Bc2 Bc8 22. Rf7 Be6 23. Rf3 Bg4 24. Qf1 Bxf3 25. gxf3 Qd8 26. f4 Qh4 27. Kg2 Ne6 28. f5 Ng5 29. fxg6+ Kg8 30. Nf2 Rf8 31. Re1 Ref3 32. Re2 c5 33. dxc5 d4 34. Bb3+ Kh8 35. Qe1 dxc3 36. bxc3 Bxc3 37. Qc1 Bg7 38. Bd5 Rxf2+ 39. Rxf2 Rxf2+ 40. Kxf2 Qxh2+ 41. Kf1 Qxg3 42. Qc4 Qh3+ 43. Ke1 Qc3+ 0-1

[Event "Galatasaray Blitz Chess Tournament"]
[Site "Istanbul"]
[Date "2019.03.24"]
[Round "15.4"]
[White "Arat, Ufuk Sezen"]
[Black "Tuncer, Tuna"]
[Result "0-1"]
[ECO "D02"]
[WhiteElo "2368"]
[BlackElo "2371"]
[Annotator "NA"]
[PlyCount "78"]
[EventDate "2019.03.24"]
[EventType "swiss"]
[EventCountry "TUR"]
[SourceTitle "playchess.com"]
[Source "ChessBase"]
[SourceQuality "1"]
[TimeControl "180+2"]

1. d4 Nf6 2. Nf3 g6 3. Nbd2 d5 4. b4 Bg7 5. Bb2 O-O 6. e3 Nbd7 7. c4 c6 8. Be2 Ne4 9. O-O f5 10. b5 e6 11. bxc6 bxc6 12. Qa4 Nb6 13. Qa5 Nxd2 14. Nxd2 c5 15. Qxc5 Na4 16. Qa3 Nxb2 17. Qxb2 f4 18. cxd5 exd5 19. Qb3 fxe3 20. fxe3 Re8 21. Nf3 Bf5 22. Rfe1 Rb8 23. Qa3 a5 24. Qc1 Rc8 25. Qd2 Rc2 26. Qd1 Rxe3 27. Bf1 Rxe1 28. Qxe1 Be4 29. Ne5 Qb6 30. Rd1 Bxe5 31. Kh1 Bxd4 32. Qh4 Bf6 33. Qf4 Kg7 34. Re1 Qf2 35. Qxf2 Rxf2 36. a4 Bf5 37. Kg1 d4 38. Bb5 Ra2 39. Rd1 d3 0-1

[Event "Galatasaray Blitz Chess Tournament"]
[Site "Istanbul"]
[Date "2019.03.24"]
[Round "16.2"]
[White "Yurtseven, Melih"]
[Black "Arat, Ufuk Sezen"]
[Result "0-1"]
[ECO "E91"]
[WhiteElo "2390"]
[BlackElo "2368"]
[Annotator "NA"]
[PlyCount "98"]
[EventDate "2019.03.24"]
[EventType "swiss"]
[EventCountry "TUR"]
[SourceTitle "playchess.com"]
[Source "ChessBase"]
[SourceQuality "1"]
[TimeControl "180+2"]

1. d4 Nf6 2. Nf3 g6 3. c4 Bg7 4. Nc3 O-O 5. e4 d6 6. Be2 Na6 7. Bg5 h6 8. Be3 c5 9. d5 e6 10. h3 exd5 11. exd5 Bf5 12. Nd2 Re8 13. a3 Nc7 14. O-O b5 15. Re1 Rb8 16. Bf3 a6 17. Rc1 Bd3 18. b3 Nd7 19. Nde4 Ne5 20. cxb5 axb5 21. Bf4 c4 22. b4 f5 23. Nd2 g5 24. Bh2 Qf6 25. Bh5 Rf8 26. Nf3 Ng6 27. Qd2 Rbe8 28. Rxe8 Rxe8 29. Ne1 f4 30. Nxd3 cxd3 31. Qxd3 Ne5 32. Qd1 Rf8 33. Ne4 Qe7 34. f3 Nc4 35. Kh1 Ne3 36. Qd2 Ncxd5 37. Bg1 Kh8 38. Rc6 Rd8 39. Kh2 Nf6 40. Bg6 Nc4 41. Qd3 Ne5 42. Qc2 Nxc6 43. Qxc6 Nxe4 44. Bxe4 Qe5 45. Qc7 Re8 46. Bb6 d5 47. Qc6 dxe4 48. fxe4 f3+ 49. g3 Qxe4 0-1

[Event "Galatasaray Blitz Chess Tournament"]
[Site "Istanbul"]
[Date "2019.03.24"]
[Round "16.3"]
[White "Tuncer, Tuna"]
[Black "Ozer, Omer Faruk"]
[Result "1/2-1/2"]
[ECO "C45"]
[WhiteElo "2371"]
[BlackElo "2369"]
[Annotator "NA"]
[PlyCount "54"]
[EventDate "2019.03.24"]
[EventType "swiss"]
[EventCountry "TUR"]
[SourceTitle "playchess.com"]
[Source "ChessBase"]
[SourceQuality "1"]
[TimeControl "180+2"]

1. e4 e5 2. Nf3 Nc6 3. d4 exd4 4. Nxd4 Nf6 5. Nxc6 bxc6 6. e5 Qe7 7. Qe2 Nd5 8. h4 f6 9. c4 Ba6 10. Rh3 fxe5 11. Bg5 Qb4+ 12. Nd2 Nf6 13. O-O-O Be7 14. Ra3 Bc8 15. Qxe5 O-O 16. Bd3 Bd6 17. Qe2 a5 18. Ne4 Be5 19. Nxf6+ gxf6 20. Rb3 Qc5 21. Qe4 f5 22. Qe2 a4 23. Be3 Qe7 24. Ra3 Rb8 25. Bd4 Bf4+ 26. Kc2 Re8 27. Rxa4 d6 1/2-1/2

[Event "Galatasaray Blitz Chess Tournament"]
[Site "Istanbul"]
[Date "2019.03.24"]
[Round "17.4"]
[White "Ozer, Omer Faruk"]
[Black "Yurtseven, Melih"]
[Result "0-1"]
[ECO "C00"]
[WhiteElo "2369"]
[BlackElo "2390"]
[Annotator "NA"]
[PlyCount "94"]
[EventDate "2019.03.24"]
[EventType "swiss"]
[EventCountry "TUR"]
[SourceTitle "playchess.com"]
[Source "ChessBase"]
[SourceQuality "1"]
[TimeControl "180+2"]

1. e4 e6 2. d3 d5 3. Nd2 c5 4. Ngf3 Nc6 5. g3 Nf6 6. Bg2 Be7 7. O-O b6 8. Re1 Bb7 9. Qe2 Qc7 10. c3 h6 11. a3 O-O 12. e5 Nd7 13. Nf1 Rfe8 14. h4 f5 15. exf6 Bxf6 16. Ne3 Na5 17. Ng4 Nb3 18. Nxf6+ Nxf6 19. Bf4 e5 20. Bxe5 Qf7 21. Rad1 d4 22. Qc2 Ng4 23. Bf4 dxc3 24. bxc3 Na5 25. a4 Rac8 26. Nh2 Bxg2 27. Kxg2 Qb7+ 28. Kg1 Nxh2 29. Kxh2 Qf3 30. Kg1 Kh8 31. Qd2 Rcd8 32. Be5 Kg8 33. Qa2+ Kh7 34. Qc2 Kg8 35. d4 Kh8 36. Qg6 Rxe5 37. Rxe5 Qxd1+ 38. Kg2 Qb3 39. Re7 Qg8 40. dxc5 bxc5 41. Rxa7 Nc4 42. a5 Ne5 43. Qf5 Qd5+ 44. f3 Qd2+ 45. Kh3 Qe2 46. Qe4 Qf1+ 47. Kh2 Nxf3+ 0-1

[Event "Galatasaray Blitz Chess Tournament"]
[Site "Istanbul"]
[Date "2019.03.24"]
[Round "18.5"]
[White "Gulbas, Cemil"]
[Black "Ozturk, Kubra"]
[Result "0-1"]
[ECO "C54"]
[WhiteElo "2404"]
[BlackElo "2344"]
[Annotator "NA"]
[PlyCount "76"]
[EventDate "2019.03.24"]
[EventType "swiss"]
[EventCountry "TUR"]
[SourceTitle "playchess.com"]
[Source "ChessBase"]
[SourceQuality "1"]
[TimeControl "180+2"]

1. e4 e5 2. Nf3 Nc6 3. Bc4 Bc5 4. c3 Nf6 5. d3 O-O 6. Bb3 h6 7. Nbd2 d6 8. h3 Nh5 9. Nf1 Qf6 10. g3 Be6 11. Be3 Rad8 12. Nh4 g6 13. Qe2 Kh7 14. O-O-O a5 15. Kb1 b5 16. Bxc5 dxc5 17. Ne3 a4 18. Bxe6 Qxe6 19. Nhg2 b4 20. f4 bxc3 21. f5 Qe7 22. bxc3 Nxg3 23. Qe1 Nxh1 24. Qxh1 Rb8+ 25. Ka1 a3 26. Nc4 Rb7 27. Nge3 Rfb8 28. fxg6+ fxg6 29. Qg2 Qg5 30. Qf2 Qf4 31. Qg2 Rb2 32. Qg1 Rf2 33. Nd5 Qh2 34. Qxh2 Rxh2 35. Nxa3 Ra8 36. Nc4 Raxa2+ 37. Kb1 Na5 38. Nxe5 Rab2+ 0-1